 Dungeon Crawl Stone Soup version 0.18-a0-1799-g6250cb2 (webtiles) character file.

2636 Duffy the Dealer of Despair (level 9, -9/62 HPs)
             Began as a Demonspawn Ice Elementalist on Apr 23, 2016.
             Was an Elder of Kikubaaqudgha.
             Mangled by Sagrath01's ghost (14 damage)
             ... on level 8 of the Dungeon.
             The game lasted 00:21:33 (12138 turns).

Duffy the Dealer of Despair (DsIE)                 Turns: 12138, Time: 00:21:33

Health: -9/62      AC:  6    Str: 13    XL:     9   Next: 35%
Magic:  13/17      EV: 18    Int: 23    God:    Kikubaaqudgha [****..]
Gold:   312        SH:  0    Dex: 15    Spells: 6 memorised, 2 levels left

rFire  . . .     SeeInvis .     G - +1 dire flail
rCold  + + .     Gourm    .     q - +2 robe {rC+}
rNeg   . . .     Faith    .     (shield currently unavailable)
rPois  .         Spirit   .     r - +1 helmet {Int+3}
rElec  .         Dismiss  .     (no cloak)
rCorr  .         Reflect  .     (no gloves)
SustAt .         Harm     .     (no boots)
MR     .....                    (no amulet)
Stlth  +++.......               F - +4 ring of strength
                                x - +5 ring of evasion

@: very slightly contaminated, drained, not resistant to hostile enchantments,
fairly stealthy
A: thin skeletal structure 1, cold resistance 1
a: Receive Corpses, Renounce Religion


You were on level 8 of the Dungeon.
You worshipped Kikubaaqudgha.
Kikubaaqudgha was greatly pleased with you.
You were near starving.

You visited 1 branch of the dungeon, and saw 9 of its levels.

You collected 312 gold pieces.


Innate Abilities, Weirdness & Mutations

You have a somewhat thin skeletal structure (Dex +2, Stealth).
Your flesh is cold resistant.


   Skills:
 - Level 2.5(2.2) Fighting
 - Level 2.8(2.5) Dodging
 - Level 2.5(2.3) Stealth
 + Level 5.8(5.6) Spellcasting
 * Level 4.0(3.8) Conjurations
 - Level 4.0(3.7) Summonings
 * Level 6.3(6.0) Necromancy
 - Level 6.2(6.0) Ice Magic


You had 2 spell levels left.
You knew the following spells:

 Your Spells              Type           Power        Failure   Level  Hunger
a - Freeze                Ice            ####         1%          1    None
j - Bolt of Draining      Conj/Necr      ####......   38%         5    #####..
l - Summon Ice Beast      Ice/Summ       ####....     14%         4    ####...
r - Regeneration          Chrm/Necr      ###.......   10%         3    ##.....
s - Animate Skeleton      Necr           N/A          1%          1    None
w - Ozocubu's Armour      Chrm/Ice       ###.....     10%         3    ##.....

Inventory:

Hand Weapons
 G - a +1 dire flail (weapon)
Missiles
 o - 3 throwing nets (quivered)
Armour
 q - a +2 robe of cold resistance (worn)
 r - a +1 helmet of intelligence (worn)
 C - a +0 leather armour of fire resistance
Jewellery
 x - a +5 ring of evasion (left hand)
 z - an uncursed ring of positive energy
 F - a +4 ring of strength (right hand)
Wands
 e - a wand of acid (8/15)
 D - a wand of lightning (7/15)
Scrolls
 a - a scroll of amnesia {unknown}
 i - a scroll of silence {unknown}
 m - 2 scrolls of enchant weapon {unknown}
 n - 2 scrolls of teleportation {unknown}
 s - 2 scrolls of fog {unknown}
 t - a scroll of remove curse
 v - 7 scrolls of recharging
 w - a scroll of immolation {unknown}
 y - a scroll of enchant armour {unknown}
 H - a scroll of noise {unknown}
Potions
 f - a potion of cure mutation
 h - a potion of might {unknown}
 l - 3 potions of agility
 p - 3 potions of flight
 A - a potion of magic
 B - a potion of heal wounds
 E - a potion of curing {unknown}
Books
 b - a book of Frost
 k - Kikubaaqudgha's Grimoire of Evil Magic

   Spells                             Type                      Level
   a - Animate Skeleton               Necromancy                   1
   b - Corpse Rot                     Necromancy                   2
   c - Sublimation of Blood           Necromancy                   2
   d - Regeneration                   Charms/Necromancy            3
   e - Control Undead                 Necromancy                   4
 u - Kikubaaqudgha's Collected Works on Unholy Rituals

   Spells                             Type                      Level
   a - Bolt of Draining               Conjuration/Necromancy       5
   b - Agony                          Necromancy                   5
   c - Cigotuvi's Embrace             Necromancy                   5
   d - Dispel Undead                  Necromancy                   5
   e - Simulacrum                     Ice/Necromancy               6
 I - a book of Unlife
Comestibles
 c - 2 bread rations
 d - 8 meat rations

Dungeon Overview and Level Annotations

Branches:
Dungeon (9/15)             Temple (0/1) D:6
   Lair: D:8-11         Orc: D:9-12

Altars:
Ashenzari
Cheibriados
Dithmenos
Elyvilon
Fedhas
Gozag
Kikubaaqudgha
Nemelex Xobeh
Okawaru
Pakellas
Qazlal
Ru
Trog
Vehumet
Yredelemnul
The Shining One

Shops:
D:5 =

Annotations:
D:8 Sagrath01's ghost, novice HuWn


Message History

You kill the orc wizard!
Kikubaaqudgha accepts your kill.
The bolt of negative energy hits the orc priest.
The orc priest is drained!
You kill the orc priest!
Kikubaaqudgha accepts your kill.
Sagrath01's ghost says very slowly, "There's no hope."
Sagrath01's ghost says, "Destruction is an occupation beyond life."
There is a stone staircase leading down, spattered with blood here.
Things that are here:
a mace; an orc corpse An orc comes into view.
It is wielding a trident.
The orc shouts!
Things that are here:
a dagger; a robe The orc barely misses you.
The orc hits you but does no damage. The orc misses you.
Sagrath01's ghost grins evilly.
You are near starving!
The orc shouts!
The orc throws a tomahawk.
The tomahawk misses you. The orc misses you. The orc closely misses you.
Sagrath01's ghost hits you!
The orc throws a tomahawk.
The tomahawk completely misses you.
You see here 21 stones.
Cast which spell? (? or * to list)
You miscast Summon Ice Beast.
You are very lightly contaminated with residual magic.
Your brain hurts!
Sagrath01's ghost shouts, "You must not succeed where I failed!"
Sagrath01's ghost hits you!
You are electrocuted!
Sagrath01's ghost hits you!
You die...
Kikubaaqudgha rasps: "You have failed me!
Welcome... death!"

.....# #.#.#.#.#.#.#......#
.....## #.#...#.#.#.#......#
......# #.#.###.#.#.#......#
......# #)#<....#.#.#......#
......# #.#######.#o#......###
......# #.........#..........#
......## #############..>...#.#
.......################......#.##
................@Woo....((....))>
###.##.#######################)##
#.##.# #...
#.##.#######################..#
#.##....[..................#..#
#.########################.#..#
###.## #...# #......# #.####
.....# #.#.# #.####.# #.#.).
###..# #.#.# #.# #.# #.#.#.


You could see Sagrath01's ghost and 2 orcs.

Action                   |  1- 3 |  4- 6 |  7- 9 || total
-------------------------+-------+-------+-------++-------
Melee: Whip              |       |    53 |    68 ||   121
       Dire flail        |       |       |    32 ||    32
 Cast: Freeze            |    50 |   113 |   151 ||   314
       Summon Ice Beast  |       |    14 |    67 ||    81
       Ozocubu's Armour  |       |       |     2 ||     2
       Bolt of Draining  |       |       |     1 ||     1
  Use: Scroll            |     3 |     5 |     2 ||    10
       Potion            |       |       |     2 ||     2
 Stab: Sleeping          |       |     3 |       ||     3
       Distracted        |       |       |     2 ||     2
  Eat: Chunk             |     3 |    16 |    23 ||    42
       Beef jerky        |       |       |     2 ||     2
       Bread ration      |       |       |     1 ||     1
Armor: Robe              |     5 |    31 |    50 ||    86
Dodge: Dodged            |    31 |    89 |   244 ||   364

Notes
Turn   | Place    | Note
--------------------------------------------------------------
     0 | D:1      | Duffy the Demonspawn Ice Elementalist began the quest for the Orb.
     0 | D:1      | Reached XP level 1. HP: 13/13 MP: 3/3
   327 | D:1      | Reached skill level 3 in Ice Magic
   360 | D:1      | Gained mutation: Your flesh is cold resistant. [demonic ancestry]
   360 | D:1      | Reached XP level 2. HP: 19/19 MP: 1/5
   976 | D:2      | Reached XP level 3. HP: 24/24 MP: 2/6
  1019 | D:2      | Learned a level 3 spell: Ozocubu's Armour
  1631 | D:2      | Reached XP level 4. HP: 29/30 MP: 6/8
  1633 | D:2      | Found a faded altar to an unknown god.
  1639 | D:2      | Reached skill level 4 in Ice Magic
  1706 | D:2      | Became a worshipper of Kikubaaqudgha
  1706 | D:2      | Reached * piety under Kikubaaqudgha
  1706 | D:2      | Received a gift from Kikubaaqudgha
  1706 | D:2      | Identified Kikubaaqudgha's Grimoire of Evil Magic (Kikubaaqudgha gifted it to you on level 2 of the Dungeon)
  1808 | D:2      | Reached skill level 3 in Spellcasting
  1822 | D:2      | Learned a level 4 spell: Summon Ice Beast
  2034 | D:3      | Reached skill level 1 in Summonings
  2256 | D:3      | Reached XP level 5. HP: 33/35 MP: 3/9
  2466 | D:3      | Reached skill level 2 in Summonings
  2698 | D:3      | Reached ** piety under Kikubaaqudgha
  2803 | D:3      | Found a sparkling altar of Nemelex Xobeh.
  2804 | D:3      | Found a stormy altar of Qazlal.
  2806 | D:3      | Found an iron altar of Okawaru.
  2810 | D:3      | Found an oddly glowing altar of Pakellas.
  2812 | D:3      | Found an opulent altar of Gozag.
  2812 | D:3      | Found a sacrificial altar of Ru.
  2812 | D:3      | Found a shadowy altar of Dithmenos.
  2812 | D:3      | Found a blossoming altar of Fedhas.
  2812 | D:3      | Found a glowing golden altar of the Shining One.
  2814 | D:3      | Found a basalt altar of Yredelemnul.
  2816 | D:3      | Found a bloodstained altar of Trog.
  2820 | D:3      | Found an ancient bone altar of Kikubaaqudgha.
  3203 | D:3      | Found a snail-covered altar of Cheibriados.
  3203 | D:3      | Found a shattered altar of Ashenzari.
  3329 | D:4      | Reached skill level 5 in Ice Magic
  3329 | D:4      | Reached XP level 6. HP: 38/41 MP: 4/10
  3613 | D:4      | Reached skill level 3 in Summonings
  3922 | D:4      | Found a radiant altar of Vehumet.
  5033 | D:2      | Reached *** piety under Kikubaaqudgha
  5033 | D:2      | Received a gift from Kikubaaqudgha
  5034 | D:2      | Identified Kikubaaqudgha's Collected Works on Unholy Rituals (Kikubaaqudgha gifted it to you on level 2 of the Dungeon)
  5101 | D:2      | Noticed Robin
  5212 | D:2      | Killed Robin
  5403 | D:5      | Entered Level 5 of the Dungeon
  5504 | D:5      | Found Poedukh's Jewellery Shop.
  5999 | D:5      | Reached skill level 4 in Summonings
  5999 | D:5      | Gained mutation: You have a somewhat thin skeletal structure (Dex +2, Stealth). [demonic ancestry]
  5999 | D:5      | Reached XP level 7. HP: 38/46 MP: 3/11
  6235 | D:6      | Found a staircase to the Ecumenical Temple.
  6359 | D:6      | Reached skill level 1 in Fighting
  6407 | D:6      | Found a white marble altar of Elyvilon.
  6623 | D:6      | Reached skill level 6 in Ice Magic
  6638 | D:6      | Reached skill level 2 in Fighting
  6954 | D:6      | Reached skill level 2 in Dodging
  7282 | D:6      | Reached skill level 2 in Stealth
  7314 | D:6      | Learned a level 1 spell: Animate Skeleton
  7395 | D:6      | Reached **** piety under Kikubaaqudgha
  7490 | D:6      | Reached skill level 1 in Necromancy
  7533 | D:6      | Reached XP level 8. HP: 42/57 MP: 3/12
  7771 | D:6      | Reached skill level 2 in Necromancy
  7896 | D:6      | Learned a level 3 spell: Regeneration
  8444 | D:7      | Reached skill level 4 in Spellcasting
  8612 | D:7      | Reached skill level 3 in Necromancy
  9448 | D:8      | Reached skill level 4 in Necromancy
  9491 | D:8      | Reached skill level 5 in Spellcasting
  9594 | D:8      | Noticed Sagrath01's ghost (novice HuWn)
 10201 | D:7      | Learned a level 5 spell: Bolt of Draining
 10351 | D:7      | Reached skill level 5 in Necromancy
 10677 | D:8      | Reached skill level 2 in Conjurations
 10681 | D:8      | Reached XP level 9. HP: 55/62 MP: 0/17
 11333 | D:8      | Reached skill level 3 in Conjurations
 11432 | D:8      | Reached skill level 6 in Necromancy
 11898 | D:9      | Reached skill level 4 in Conjurations
 11920 | D:9      | Noticed a manticore
 12138 | D:8      | Mangled by Sagrath01's ghost

Vault maps used:
D:1:      mrwooster_arrival_arrow, roderic_roman_lattice,
          kennysheep_pointless_box
D:2:      kennysheep_goblin_castle, ecumenical_altar_2,
          corexii_item_surrounded_by_moat
D:3:      minitemple, gammafunk_temple_overflow_pools, solitary_fountain
D:4:      first_bread, vehumet_altar_wand_db
D:5:      serial_shops, kennysheep_mini, patterned_corridor
D:6:      minmay_temple_entry_trees, elyvilon_altar_5
D:7:      amalloy_card_club
D:9:      erik_lair_orcish_takeover, hangedman_tell_no_tales, uniq_maurice

Vanquished Creatures
  A hippogriff
  2 orc warriors
  2 ice beasts
  2 ogres
  A big kobold
  5 giant frogs
  A wyvern skeleton
  3 scorpions
  10 wights
  5 killer bees
  3 crimson imps
  A giant frog zombie
  A centaur zombie
  4 hounds
  A quasit
  2 giant frog skeletons
  5 orc priests
  11 orc wizards
  5 iguanas
  7 worker ants
  A howler monkey zombie Robin
  16 adders
  A howler monkey skeleton
  An ooze
  An adder zombie
  An adder skeleton
  A worm
  9 giant geckos
  41 orcs
  A ball python
  9 bats
  9 giant cockroaches
  21 goblins
  7 hobgoblins
  20 jackals
  5 quokkas
  A jackal skeleton
  9 kobolds
  A quokka zombie
  10 rats
238 creatures vanquished.
